 Dungeon Crawl Stone Soup version 0.14.2 (webtiles) character file.

30694 theanonym the Carver (level 13, -6/99 HPs)
             Began as a High Elf Death Knight on Dec 6, 2018.
             Was a High Priest of Yredelemnul.
             Killed from afar by crawlian's ghost (48 damage)
             ... with a shard of ice
             ... on Level 8 of the Lair of Beasts.
             The game lasted 01:01:38 (24671 turns).

theanonym the Carver (High Elf Death Knight)       Turns: 24671, Time: 01:01:38

HP  -6/99        AC 26     Str 19      XL: 13   Next: 13%
MP  27/29        EV  6     Int 16      God: Yredelemnul [*****.]
Gold 1598        SH  0     Dex 16      Spells:  2 memorised,  5 levels left

rFire  + . .     SeeInvis .     a - +1,+3 demon blade (elec)
rCold  . . .     Clarity  .     B - -1 plate armour
rNeg   . . .     Conserve .     (no shield)
rPois  .         rCorr    .     q - +2 helmet
rElec  .         rRot     .     (no cloak)
SustAb . .       Spirit   .     i - +2 pair of gloves {Str+3}
rMut   .         Warding  .     x - +2 pair of boots
Saprov . . .     Stasis   .     (no amulet)
MR     +....                    y - ring of protection from fire
                                C - +3 ring of protection

@: somewhat resistant to hostile enchantments, extremely unstealthy
A: no striking features
a: Animate Dead, Recall Undead Slaves, Injury Mirror, Drain Life, Enslave Soul,
Renounce Religion


   Skills:
 + Level 13.0 Fighting
 - Level 14.2 Long Blades
 + Level 9.8 Armour
 + Level 4.4 Dodging
 - Level 9.1 Invocations


You had 5 spell levels left.
You knew the following spells:

 Your Spells              Type           Power        Failure   Level  Hunger
a - Control Undead        Necr           #.........   100%        4    #####..
r - Regeneration          Chrm/Necr      #.........   100%        3    ####...

Action                   |  1- 3 |  4- 6 |  7- 9 | 10-12 | 13-15 || total
-------------------------+-------+-------+-------+-------+-------++-------
Melee: Falchion          |   125 |   277 |   658 |   124 |       ||  1184
       Scimitar          |       |       |       |   639 |       ||   639
       Demon blade       |       |       |       |   219 |    72 ||   291
Throw: Throwing net      |       |       |     1 |     2 |       ||     3
       Tomahawk          |       |       |     2 |     2 |       ||     4
Invok: Animate Remains   |     8 |    10 |       |       |       ||    18
       Animate Dead      |       |     3 |    36 |    76 |     8 ||   123
       Recall Undead Sla |       |       |     1 |     5 |     2 ||     8
       Drain Life        |       |       |       |     1 |       ||     1
       Stop Recall       |       |       |       |       |     1 ||     1
Evoke: Wand              |       |     3 |    10 |    17 |     2 ||    32
  Use: Potion            |       |     3 |     1 |     1 |       ||     5
       Scroll            |       |     4 |    12 |    23 |     2 ||    41
 Stab: Distracted        |       |     1 |     4 |     7 |     1 ||    13
       Held in net/web   |       |       |     1 |     2 |       ||     3
       Invisible         |       |       |       |     6 |       ||     6

Inventory:

Hand weapons
 a - a +1,+3 demon blade of electrocution (weapon)
   (You found it on level 4 of the Lair of Beasts)
 b - a +3,+4 scimitar of flaming
   (You took it off Erica on level 3 of the Lair of Beasts)
Missiles
 u - 5 throwing nets
 K - 34 tomahawks of returning (quivered)
Armour
 i - a +2 pair of gloves of strength (worn)
   (You found it on level 1 of the Dungeon)
 q - a +2 helmet (worn)
   (You found it on level 3 of the Dungeon)
 x - a +2 pair of boots (worn)
   (You found it on level 3 of the Dungeon)
 B - a -1 plate armour (worn)
   (You took it off an orc warrior on level 3 of the Dungeon)
Magical devices
 d - a wand of teleportation (2)
   (You found it on level 6 of the Lair of Beasts)
 j - a wand of draining (3)
   (You found it on level 8 of the Lair of Beasts)
 z - a wand of lightning (5)
   (You found it on level 8 of the Lair of Beasts)
 D - a wand of invisibility (4)
   (You found it on level 5 of the Dungeon)
 E - a wand of confusion (6)
   (You took it off Erica on level 3 of the Lair of Beasts)
 F - a wand of digging (8)
   (You found it on level 5 of the Lair of Beasts)
 O - a wand of lightning (1)
   (You found it on level 8 of the Dungeon)
Comestibles
 c - 5 bread rations
Scrolls
 g - 4 scrolls of teleportation {!r}
 k - 10 scrolls of remove curse
 n - a scroll of recharging
 t - a scroll of fog
 I - a scroll of magic mapping
 J - 2 scrolls of fear
 W - a scroll of blinking
Jewellery
 h - an uncursed ring of see invisible
   (You found it on level 1 of the Lair of Beasts)
 y - a ring of protection from fire (right hand)
   (You found it on level 1 of the Lair of Beasts)
 C - a +3 ring of protection (left hand)
   (You found it on level 5 of the Lair of Beasts)
 H - a +3 ring of dexterity
   (You found it on level 10 of the Dungeon)
 R - an uncursed ring of invisibility
   (You found it on level 4 of the Lair of Beasts)
Potions
 e - 3 potions of berserk rage
 f - 6 potions of heal wounds
 l - 2 potions of lignification
 m - a potion of haste {unknown}
 o - 3 potions of restore abilities
 p - 2 potions of agility {unknown}
 r - 2 potions of might
 s - a potion of cure mutation {unknown}
 v - 3 potions of brilliance
 w - a potion of confusion {unknown}
 A - 2 potions of resistance {unknown}
 G - 2 potions of flight {unknown}
 L - 8 potions of curing
 M - a potion of mutation {unknown}
 S - a potion of invisibility {unknown}
 T - a potion of porridge


You were on level 8 of the Lair of Beasts.
You worshipped Yredelemnul.
Yredelemnul was extremely pleased with you.
You were not hungry.

You visited 2 branches of the dungeon, and saw 19 of its levels.
You also visited: Sewer, Bailey and Volcano.

You collected 1598 gold pieces.

Dungeon Overview and Level Annotations

Branches:
Dungeon (11/15)            Temple (0/1) D:5            Lair (8/8) D:10
 Shoals (0/5) Lair:3        Snake (0/5) Lair:6        Slime (0/6) Lair:6
    Orc: D:9-12

Altars:
Ashenzari
Cheibriados
Dithmenos
Elyvilon
Makhleb
Okawaru
Xom
Zin

Shops:
D:10 %

Annotations:
Lair:2 exclusions: zombie and 4 more exclusions
Lair:4 exclusion: 4 oklob plants
Lair:8 crawlian's ghost, powerful DEFE

..♣ ..♣ ♣♣♣♣♣♣H♣ ♣♣♣♣♣♣♣
♣♣ ♣♣♣♣♣♣♣♣♣♣♣♣♣♣♣♣♣♣♣♣
..♣♣♣♣♣♣....♣♣♣♣♣♣♣...♣♣
....♣♣...p...♣..♣......♣
.f.........z........$....
f....................#.f.
........@.......(.....##.
.....p....zz.............
......).............f..f
......................f.
.......p......#.......ff
............###........
............ ##.......
........... ##.#....
........ ###.P...#


You could see a hippogriff, 2 crawlian's ghosts, a friendly flayed ghost, a
friendly flaming corpse, a friendly flying skull and a friendly spiny frog
zombie.

Notes
Turn   | Place    | Note
--------------------------------------------------------------
     0 | D:1      | theanonym, the High Elf Death Knight, began the quest for the Orb.
     0 | D:1      | Reached XP level 1. HP: 14/14 MP: 3/3
   475 | D:1      | Reached XP level 2. HP: 20/20 MP: 4/4
   487 | D:1      | Found a shattered altar of Ashenzari.
   650 | D:1      | Reached skill level 3 in Long Blades
  1099 | D:1      | Reached XP level 3. HP: 17/25 MP: 7/7
  1211 | D:2      | Acquired Yredelemnul's second power
  1308 | D:2      | Reached skill level 3 in Fighting
  1322 | D:2      | HP: 13/26 [poisoned by an adder]
  1424 | D:2      | HP: 12/26 [goblin (3)]
  1431 | D:2      | HP: 9/26 [giant newt (1)]
  1667 | D:2      | Reached skill level 4 in Long Blades
  1867 | D:2      | Reached XP level 4. HP: 27/31 MP: 9/9
  1880 | D:2      | HP: 15/31 [poisoned by an adder]
  1885 | D:2      | HP: 12/31 [poisoned by an adder]
  1890 | D:2      | HP: 9/31 [poisoned by an adder]
  1895 | D:2      | HP: 8/31 [poisoned by an adder]
  1902 | D:2      | HP: 6/31 [poisoned by an adder]
  1910 | D:2      | HP: 5/31 [poisoned by an adder]
  2453 | D:2      | Found a shimmering altar of Xom.
  2492 | D:2      | HP: 15/31 [poisoned by an adder]
  2498 | D:2      | Paralysed by a potion of paralysis for 5 turns
  2498 | D:2      | HP: 10/31 [poisoned by an adder]
  2502 | D:2      | HP: 4/31 [adder (3)]
  2507 | D:2      | HP: 10/31 [adder (2)]
  2511 | D:2      | HP: 4/31 [poisoned by an adder]
  3472 | D:3      | Reached XP level 5. HP: 29/37 MP: 11/11
  3507 | D:3      | Found a shadowy altar of Dithmenos.
  3587 | D:3      | Reached skill level 4 in Fighting
  3589 | D:3      | Noticed an orc warrior
  3591 | D:3      | HP: 15/37 [orc warrior/halberd (20)]
  3596 | D:3      | Killed an orc warrior
  3596 | D:3      | Reached skill level 5 in Long Blades
  3596 | D:3      | Reached XP level 6. HP: 15/44 MP: 13/13
  3883 | D:4      | Acquired Yredelemnul's third power
  3954 | D:4      | HP: 17/44 [ogre/giant club (14)]
  3963 | D:4      | HP: 3/44 [ogre/giant club (9)]
  3964 | D:4      | Reached skill level 5 in Fighting
  3964 | D:4      | Reached skill level 6 in Long Blades
  4710 | D:4      | Reached skill level 1 in Armour
  4918 | D:5      | Entered Level 5 of the Dungeon
  4930 | D:5      | Reached XP level 7. HP: 41/50 MP: 16/16
  5170 | D:5      | Found a burning altar of Makhleb.
  5188 | D:5      | Found a glowing drain.
  5193 | D:5      | Received a gift from Yredelemnul
  5223 | Sewer    | Entered a sewer
  5264 | Sewer    | HP: 25/50 [big fish (1)]
  5266 | Sewer    | Reached skill level 2 in Armour
  5272 | Sewer    | HP: 23/50 [poison (curare-tipped needle)]
  5280 | Sewer    | HP: 22/50 [poison (curare-tipped needle)]
  5477 | Sewer    | Reached skill level 7 in Long Blades
  6169 | D:5      | Found a staircase to the Ecumenical Temple.
  6637 | D:6      | Acquired Yredelemnul's fourth power
  6700 | D:6      | HP: 22/51 [goliath beetle (18)]
  6714 | D:6      | HP: 22/51 [goliath beetle (2)]
  6726 | D:6      | HP: 16/51 [goliath beetle (8)]
  6975 | D:6      | HP: 16/51 [orc priest/divine providence (16)]
  7193 | D:5      | HP: 11/51 [orc warrior/glaive (16)]
  7198 | D:5      | Reached skill level 6 in Fighting
  7466 | D:6      | Reached skill level 8 in Long Blades
  7468 | D:6      | Reached XP level 8. HP: 57/57 MP: 17/17
  7487 | D:6      | Reached skill level 3 in Armour
  7502 | D:6      | HP: 23/57 [giant goldfish (10)]
  7738 | D:6      | HP: 27/58 [giant goldfish (5)]
  7743 | D:6      | HP: 22/58 [giant goldfish (3)]
  7760 | D:6      | Reached skill level 9 in Long Blades
  8005 | D:6      | Received a gift from Yredelemnul
  8210 | D:6      | Reached skill level 4 in Armour
  8211 | D:6      | HP: 29/58 [electric eel/bolt of electricity (5)]
  8218 | D:6      | HP: 12/58 [giant goldfish (10)]
  8230 | D:6      | HP: 9/58 [giant frog (5)]
  8237 | D:6      | Reached skill level 7 in Fighting
  8528 | D:6      | Found a white marble altar of Elyvilon.
  8572 | D:6      | Reached skill level 10 in Long Blades
  8947 | D:7      | Reached XP level 9. HP: 58/64 MP: 19/19
  9101 | D:7      | Found a glowing silver altar of Zin.
  9218 | D:7      | HP: 25/64 [something (20)]
  9227 | D:7      | HP: 26/64 [centaur/arrow (3)]
  9329 | D:7      | HP: 32/64 [sky beast (6)]
  9519 | D:7      | Noticed Menkaure
  9530 | D:7      | Killed Menkaure
  9547 | D:7      | Reached skill level 5 in Armour
  9554 | D:7      | Reached skill level 11 in Long Blades
  9566 | D:7      | HP: 32/65 [poisoned by a killer bee]
  9572 | D:7      | HP: 29/65 [poisoned by a killer bee]
  9579 | D:7      | HP: 28/65 [poisoned by a killer bee]
  9586 | D:7      | HP: 27/65 [poisoned by a killer bee]
  9594 | D:7      | HP: 27/65 [poisoned by a killer bee]
  9917 | D:7      | Paralysed by a giant eyeball for 3 turns
  9942 | D:7      | Noticed Blork the orc
  9949 | D:7      | Killed Blork the orc
 10098 | D:8      | HP: 24/65 [orc wizard/magic dart (9)]
 10409 | D:8      | Paralysed by a giant eyeball for 2 turns
 10426 | D:8      | Received a gift from Yredelemnul
 10522 | D:8      | Found a flagged portal.
 10530 | Bailey   | Entered a bailey
 10835 | Bailey   | Reached skill level 8 in Fighting
 10840 | Bailey   | HP: 30/66 [orc warrior/war axe (8)]
 10847 | Bailey   | HP: 26/66 [kobold (2)]
 11062 | Bailey   | Found a burning altar of Makhleb.
 11319 | D:8      | Received a gift from Yredelemnul
 11381 | D:8      | Found an iron altar of Okawaru.
 11381 | D:8      | Found a snail-covered altar of Cheibriados.
 11596 | D:8      | Reached skill level 12 in Long Blades
 11804 | D:9      | Reached XP level 10. HP: 58/72 MP: 20/20
 11907 | D:9      | Noticed Eustachio
 11917 | D:9      | Killed Eustachio
 12057 | D:9      | Noticed a gargoyle
 12064 | D:9      | HP: 31/73 [gargoyle/stone arrow (20)]
 12076 | D:9      | HP: 9/73 [gargoyle/stone arrow (24)]
 12082 | D:9      | Killed a gargoyle
 12971 | D:9      | Received a gift from Yredelemnul
 12994 | D:9      | HP: 36/73 [poisoned by a killer bee]
 13000 | D:9      | HP: 36/73 [poisoned by a killer bee]
 13008 | D:9      | HP: 35/73 [poisoned by a killer bee]
 13195 | D:9      | Reached skill level 4 in Invocations
 13235 | D:10     | Entered Level 10 of the Dungeon
 13299 | D:10     | Found a staircase to the Lair.
 13299 | D:10     | Noticed an elephant
 13312 | D:10     | Killed an elephant
 13312 | D:10     | Reached skill level 6 in Armour
 13323 | D:10     | Reached skill level 13 in Long Blades
 13458 | D:10     | Found Imoi's Food Shop.
 13668 | D:10     | Reached skill level 9 in Fighting
 13674 | D:10     | Acquired Yredelemnul's fifth power
 13686 | D:10     | Reached skill level 5 in Invocations
 13833 | D:10     | Noticed crawlian's ghost (experienced DEFE)
 13845 | D:10     | Killed crawlian's ghost
 14020 | D:10     | HP: 32/74 [boring beetle (12)]
 14026 | D:10     | HP: 30/74 [poisoned by a worker ant]
 14033 | D:10     | HP: 29/74 [poisoned by a worker ant]
 14039 | D:10     | Reached XP level 11. HP: 32/80 MP: 20/23
 14041 | D:10     | HP: 31/80 [poisoned by a worker ant]
 14464 | D:10     | Received a gift from Yredelemnul
 14869 | Lair:1   | Entered Level 1 of the Lair of Beasts
 14940 | Lair:1   | Reached skill level 14 in Long Blades
 14960 | Lair:1   | Found a dark tunnel.
 14967 | Lair:1   | Reached skill level 7 in Armour
 15106 | Volcano  | Entered a volcano
 15117 | Volcano  | Reached skill level 6 in Invocations
 15302 | Volcano  | Received a gift from Yredelemnul
 15372 | Volcano  | HP: 36/81 [toenail golem (7)]
 16331 | Lair:1   | Noticed Harold
 16342 | Lair:1   | HP: 39/81 [Harold/battleaxe (24)]
 16346 | Lair:1   | Killed Harold
 16629 | Lair:1   | HP: 34/81 [crocodile (9)]
 16818 | Lair:1   | Reached skill level 10 in Fighting
 17104 | Lair:2   | Received a gift from Yredelemnul
 17327 | Lair:2   | Received a gift from Yredelemnul
 17410 | Lair:2   | Reached skill level 7 in Invocations
 17542 | Lair:2   | HP: 39/81 [electric eel/bolt of electricity (9)]
 17545 | Lair:2   | HP: 12/81 [electric eel/bolt of electricity (9)]
 17547 | Lair:2   | HP: 1/81 [electric eel/bolt of electricity (11)]
 18095 | Lair:2   | Noticed a six-headed hydra
 18104 | Lair:2   | HP: 34/82 [seven-headed hydra (9)]
 18105 | Lair:2   | HP: 14/82 [seven-headed hydra (8)]
 18105 | Lair:2   | HP: 4/82 [seven-headed hydra (10)]
 18105 | Lair:2   | Killed a seven-headed hydra
 18619 | Lair:3   | HP: 37/82 [spiny frog (16)]
 18620 | Lair:3   | Reached skill level 8 in Armour
 18624 | Lair:3   | HP: 33/82 [poisoned by a spiny frog]
 18630 | Lair:3   | HP: 30/82 [poisoned by a spiny frog]
 18637 | Lair:3   | HP: 29/82 [poisoned by a spiny frog]
 18644 | Lair:3   | HP: 28/82 [poisoned by a spiny frog]
 18652 | Lair:3   | HP: 28/82 [poisoned by a spiny frog]
 18877 | Lair:3   | Found a staircase to the Shoals.
 18990 | Lair:3   | Noticed Gastronok
 19002 | Lair:3   | Killed Gastronok
 19003 | Lair:3   | Noticed Erica
 19014 | Lair:3   | Killed Erica
 19168 | Lair:3   | Reached XP level 12. HP: 89/89 MP: 27/27
 19193 | Lair:3   | Reached skill level 11 in Fighting
 19205 | Lair:3   | Your ally Erica died
 19210 | Lair:3   | Reached skill level 8 in Invocations
 19220 | Lair:3   | HP: 36/90 [elephant (13)]
 19763 | Lair:4   | Received a gift from Yredelemnul
 20203 | Lair:4   | Learned a level 3 spell: Regeneration
 20208 | Lair:4   | Learned a level 4 spell: Control Undead
 20953 | Lair:5   | Noticed Maud
 20969 | Lair:5   | Killed Maud
 20969 | Lair:5   | Reached skill level 12 in Fighting
 20969 | Lair:5   | Reached skill level 9 in Armour
 20969 | Lair:5   | Reached skill level 9 in Invocations
 21034 | Lair:5   | Received a gift from Yredelemnul
 21767 | Lair:6   | Reached skill level 2 in Dodging
 21798 | Lair:6   | Found a staircase to the Slime Pits.
 21823 | Lair:6   | Received a gift from Yredelemnul
 21944 | Lair:6   | theanonym: ??potion of porridge
 21944 | Lair:6   | beem: potion of porridge[1/1]: A special treat for Oliver Twist! 6040 nutrition. Gluggy white or gluggy brown potion. Gone in 0.16.
 22214 | Lair:6   | Reached skill level 3 in Dodging
 22214 | Lair:6   | Received a gift from Yredelemnul
 22319 | Lair:6   | Found a staircase to the Snake Pit.
 22942 | Lair:7   | Noticed Snorg
 22950 | Lair:7   | HP: 46/92 [Snorg (11)]
 22952 | Lair:7   | Killed Snorg
 22956 | Lair:7   | HP: 45/92 [komodo dragon (1)]
 22961 | Lair:7   | Reached XP level 13. HP: 36/98 MP: 29/29
 23385 | Lair:7   | Received a gift from Yredelemnul
 23391 | Lair:7   | HP: 45/98 [electric eel/bolt of electricity (10)]
 23691 | Lair:7   | Reached skill level 4 in Dodging
 24112 | Lair:7   | Your ally Snorg died
 24338 | Lair:8   | Entered Level 8 of the Lair of Beasts
 24343 | Lair:8   | Reached skill level 13 in Fighting
 24483 | Lair:8   | HP: 46/99 [elephant slug (23)]
 24616 | Lair:8   | Noticed crawlian's ghost (powerful DEFE)
 24661 | Lair:8   | HP: 39/99 [boring beetle (15)]
 24670 | Lair:8   | Noticed crawlian's ghost (powerful DEFE)
 24671 | Lair:8   | Killed from afar by crawlian's ghost

Vanquished Creatures
  Maud (Lair:5)
  Gastronok (Lair:3)
  Snorg (Lair:7)
  Harold (Lair:1)
  The ghost of crawlian the Arsonist, an experienced DEFE of Vehumet (D:10)
  A faun (Lair:5)
  6 elephants
  3 black mambas
  8 spiny frogs
  A gargoyle (D:9)
  3 fire drakes
  4 komodo dragons
  A wyvern (Lair:7)
  A shark (Lair:7)
  11 yaks
  3 toenail golems (Volcano)
  An elephant slug (Lair:8)
  Eustachio (D:9)
  3 hippogriffs
  6 humans (Volcano)
  10 wolves
  2 hungry ghosts (D:9)
  A steam dragon (D:10)
  Menkaure (D:7)
  12 water moccasins
  2 nagas (Lair:6)
  3 porcupines
  5 sky beasts
  5 ogres
  An ice beast (D:7)
  5 orc warriors
  3 giant goldfish (D:6)
  8 centaurs
  4 giant slugs
  9 giant frogs
  12 crocodiles
  A scorpion (D:10)
  2 electric eels (D:6)
  A yak skeleton (D:9)
  8 killer bees
  4 crimson imps
  3 goliath beetles
  A jelly (D:8)
  A quasit (D:9)
  6 big fish
  10 hounds
  An orc priest (D:6)
  A giant frog skeleton (D:6)
  8 orc wizards
  5 worker ants
  7 iguanas
  A killer bee zombie (D:10)
  6 sheep (Lair:6)
  A mottled dragon skeleton (D:10)
  2 hound skeletons (D:4)
  23 adders
  16 green rats
  6 gnolls
  An orc zombie (D:9)
  3 shadow imps
  2 giant mites
  3 worms
  An adder zombie (D:9)
  A giant eyeball (D:4)
  9 giant geckos
  2 oozes
  23 orcs
  4 giant cockroaches
  A gnoll zombie (D:8)
  12 goblins
  15 hobgoblins
  21 jackals
  18 bats
  7 giant newts
  23 kobolds
  15 quokkas
  15 rats
  A ballistomycete (D:7)
432 creatures vanquished.

Vanquished Creatures (collateral kills)
  A hydra (Lair:2)
  Erica (Lair:3)
  A lindwurm (Lair:7)
  An elephant (Lair:3)
  2 black mambas
  4 spiny frogs
  A blink frog (Lair:1)
  A yak (D:10)
  A wyvern (D:8)
  An elephant slug (Lair:6)
  2 hippogriffs
  A deep elf mage (D:10)
  2 porcupines
  A water moccasin (Lair:1)
  A sky beast (D:8)
  A black bear (Lair:2)
  2 orc warriors
  An ogre (D:6)
  3 crocodiles
  2 boring beetles
  3 giant goldfish (D:6)
  2 giant slugs
  Blork the orc (D:7)
  A killer bee (D:9)
  A scorpion (D:7)
  A crimson imp (D:8)
  A yak skeleton (D:8)
  4 electric eels
  3 big fish
  6 iguanas
  4 jellies (Lair:6)
  An orc priest (D:4)
  A hound (D:9)
  A giant frog skeleton (D:9)
  A quasit (D:10)
  A worker ant (D:4)
  2 sheep (Lair:6)
  3 adders
  7 green rats
  A giant mite (D:5)
  A shadow imp (D:6)
  A worm (D:9)
  An orc skeleton (D:5)
  2 giant eyeballs
  3 giant geckos
  3 oozes
  7 orcs
  2 bat zombies (D:6)
  A hobgoblin (D:8)
  4 jackals
  A kobold (Sewer)
  5 quokkas
  2 ball pythons (Sewer)
  9 bats
  3 giant newts
  A gnoll skeleton (D:4)
  A kobold skeleton (D:7)
  2 rats
  A ballistomycete (D:7)
  A bush (Lair:4)
  A butterfly (Lair:5)
  3 fungi
  6 plants
136 creatures vanquished.

Vanquished Creatures (others)
  A spiny frog (Lair:6)
  A flying skull (Lair:1)
  A vampire (Lair:3)
  A wraith (Volcano)
  A spiny frog zombie (Lair:2)
  A black bear (D:9)
  A troll zombie (Lair:7)
  3 water moccasin zombies
  A giant slug zombie (Lair:4)
  A yak zombie (D:10)
  A hippogriff zombie (Lair:2)
  5 wolf zombies
  A yak skeleton (D:10)
  2 centaur zombies (Lair:3)
  A giant frog zombie (Lair:1)
  A crocodile zombie (Lair:2)
  3 human zombies
  2 porcupine zombies
  A killer bee zombie (D:9)
  An ogre zombie (D:9)
  A sky beast zombie (D:7)
  A hound zombie (Lair:3)
  3 mummies
  2 big fish zombies (D:6)
  A worker ant zombie (Lair:1)
  A goliath beetle zombie (D:10)
  2 adder zombies
  6 bat zombies
  A gnoll zombie (D:6)
  2 giant gecko zombies
  A giant newt skeleton (D:2)
  2 giant spores (D:7)
  A goblin zombie (D:6)
  7 green rat zombies
  A hobgoblin skeleton (D:2)
  2 hobgoblin zombies
  5 jackal zombies
  4 kobold zombies
  An orc skeleton (D:10)
  6 orc zombies
  4 quokka zombies
  A rat zombie (Lair:2)
  4 plants (Lair:7)
89 creatures vanquished.

Grand Total: 657 creatures vanquished

Table legend:
 A = Turns spent in this place as a percentage of turns spent in the entire game.
 B = Non-inter-level travel turns spent in this place as a percentage of non-inter-level travel turns spent in the entire game.
 C = Inter-level travel turns spent in this place as a percentage of turns spent in this place.
 D = Turns resting spent in this place as a percentage of non-inter-level travel turns spent in this place.
 E = Turns spent auto-exploring this place as a percentage of non-inter-level travel turns spent in this place.
 F = Non-inter-level travel turns spent in this place divided by the number of levels of this place that you've seen.
                   A       B       C       D       E      F
               +-------+-------+-------+-------+-------+----------------------
         Total | 100.0 | 100.0 |   0.5 |   4.7 |  12.4 | 345.2
       Dungeon |  53.7 |  53.7 |   0.4 |   4.9 |  11.5 | 371.1
          Lair |  36.2 |  36.2 |   0.7 |   4.3 |  14.3 | 343.4
         Sewer |   4.2 |   4.2 |   0.0 |   1.9 |   9.0 | 322.0
        Bailey |   2.9 |   2.9 |   0.0 |   6.8 |   9.0 | 222.0
       Volcano |   2.9 |   2.9 |   0.0 |   6.8 |  12.6 | 222.0
               +-------+-------+-------+-------+-------+----------------------
